 Dungeon Crawl Stone Soup version 0.17-a0-1430-g49fde19 (webtiles) character file.

91 bal the Ruffian (level 4, -9/36 HPs)
             Began as a Draconian Transmuter on June 25, 2015.
             Mangled by a wight
             ... wielding a +0 battleaxe
              (10 damage)
             ... on level 4 of the Dungeon.
             The game lasted 00:14:00 (2665 turns).

bal the Ruffian (Draconian Transmuter)              Turns: 2665, Time: 00:14:01

Health: -9/36      AC:  5    Str: 13    XL:     4   Next: 34%
Magic:  2/7        EV: 12    Int: 13    God:
Gold:   107        SH:  0    Dex: 14    Spells: 2 memorised, 5 levels left

rFire  . . .     SeeInvis .     q - +0 short sword (distort)
rCold  . . .     Clarity  .     (armour unavailable)
rNeg   . . .     SustAt   .     (no shield)
rPois  .         Gourm    .     (helmet restricted)
rElec  .         Spirit   .     (no cloak)
rCorr  .         Warding  .     (no gloves)
rMut   .         Stasis   .     (no boots)
MR     .....                    (no amulet)
Stlth  +.........               (no ring)
                                (no ring)

@: lethally poisoned (-9 -> -13), drained, not resistant to hostile
enchantments, very unstealthy
A: unfitting armour, agile 1, blink 1, cold-blooded, AC +5
a: Blink


You were on level 4 of the Dungeon.
You were not hungry.

You visited 1 branch of the dungeon, and saw 4 of its levels.

You collected 107 gold pieces.

Inventory:

Hand weapons
 e - a +0 club
 k - a +1 dagger of speed
 p - a +0 club
 q - a +0 short sword of distortion (weapon)
Missiles
 a - 39 arrows
 m - 10 poisoned needles
 t - 9 silver bolts
Jewellery
 h - a cursed ring of teleportation
Magical devices
 x - a wand of magic darts (34)
Scrolls
 d - a scroll of teleportation {unknown}
 g - 4 scrolls of remove curse
 i - a scroll of amnesia
 j - a scroll of fear {unknown}
 n - 4 scrolls of identify
 o - a scroll of enchant weapon {unknown}
 v - a scroll of fog {unknown}
 y - a scroll of recharging {unknown}
 z - a scroll of noise {unknown}
Books
 b - a book of Changes

   Spells                             Type                      Level
   a - Beastly Appendage              Transmutation                1
   b - Sticks to Snakes               Transmutation                2
   c - Spider Form                    Transmutation/Poison         3
   d - Ice Form                       Ice/Transmutation            4
   e - Blade Hands                    Transmutation                5
Comestibles
 c - 2 bread rations
 f - a meat ration
 s - 2 fruits


   Skills:
 + Level 1.9(1.6) Fighting
 + Level 0.4(0.0) Short Blades
 + Level 0.2(0.0) Maces & Flails
 + Level 2.3(2.0) Dodging
 + Level 0.4(0.0) Stealth
 + Level 3.4(3.1) Unarmed Combat
 + Level 2.5(2.2) Spellcasting
 + Level 2.8(2.4) Transmutations


You had 5 spell levels left.
You knew the following spells:

 Your Spells              Type           Power        Failure   Level  Hunger
a - Beastly Appendage     Trmt           #.....       10%         1    ##.....
b - Sticks to Snakes      Trmt           #.........   14%         2    ###....


Dungeon Overview and Level Annotations

Branches:
Dungeon (4/15)
 Temple: D:4-7

Altars:

Annotations:
D:3 Fluffy's ghost, average DsAK; Natasha


Innate Abilities, Weirdness & Mutations

Your plain brown scales are hard (AC +5).
Your body does not fit into most forms of armour.
You are cold-blooded and may be slowed by cold attacks.
You are agile. (Dex +2)
You can translocate small distances at will.


Message History

The wight hits you with an enchanted long sword.
* * * LOW HITPOINT WARNING * * *
The adder barely misses you.
Read which item? (? for menu, Esc to quit)
As you read the scroll labeled VEEDIN HIXEGETZ, it crumbles to dust.
It is a scroll of identify.
Identify which item? (\ to view known items) (? for menu, Esc to quit)
h - a cursed ring of teleportation
* * * LOW HITPOINT WARNING * * *
You feel sick. The adder barely misses you.
Read which item? (? for menu, Esc to quit)
As you read the scroll labeled VIUFIPH RINKIGHIGO, it crumbles to dust.
Forget which spell ([?*] list [ESC] exit)?
Forget which spell ([?*] list [ESC] exit)?
Okay, then.
It was a scroll of amnesia.
The wight hits you with an enchanted long sword.
* * * LOW HITPOINT WARNING * * *
The wight hits you with a battleaxe!
You die...

#..#......
#..#..... #
#..#.#..#.#
###(....#..
..........
.####..#.o#
.......zzS#
#..az@#
......z####
.###...
#z#. ...#.
... ## .z.
...


You could see a worker ant, 4 wights, an adder and an orc.

Vanquished Creatures
  A gnoll (D:1)
  A worm (D:2)
  A giant gecko (D:1)
  An orc (D:3)
  3 ball pythons
  8 bats
  5 giant cockroaches
  7 goblins
  7 hobgoblins
  3 jackals (D:3)
  3 quokkas
  3 giant newts
  8 kobolds
  12 rats
63 creatures vanquished.

Vanquished Creatures (collateral kills)
  A rat (D:2)
1 creature vanquished.

Vanquished Creatures (others)
  An adder (D:2)
  A hobgoblin (D:2)
  A rat (D:3)
3 creatures vanquished.

Grand Total: 67 creatures vanquished

Notes
Turn   | Place    | Note
--------------------------------------------------------------
     0 | D:1      | bal the Draconian Transmuter began the quest for the Orb.
     0 | D:1      | Reached XP level 1. HP: 16/16 MP: 3/3
   337 | D:1      | Reached XP level 2. HP: 14/23 MP: 5/5
  1032 | D:1      | Reached XP level 3. HP: 20/28 MP: 6/6
  1067 | D:1      | Learned a level 2 spell: Sticks to Snakes
  1821 | D:2      | Reached XP level 4. HP: 32/36 MP: 7/7
  2228 | D:3      | Noticed Natasha
  2634 | D:3      | Noticed Fluffy's ghost (average DsAK)
  2663 | D:4      | Gained mutation: You are agile. (Dex +2) [potion of mutation]
  2663 | D:4      | Gained mutation: You can translocate small distances at will. [potion of mutation]
  2665 | D:4      | HP: 1/36 [wight/enchanted long sword (4)]
  2665 | D:4      | Mangled by a wight

Vault maps used:
D:1:      erik_arrival_cave_to_civilisation
D:2:      first_bread
D:3:      uniq_natasha
D:4:      minmay_bisected

Action                   |  1- 3 |  4- 6 || total
-------------------------+-------+-------++-------
Melee: Unarmed           |    15 |       ||    15
       Club              |    61 |       ||    61
       Dagger            |    30 |       ||    30
       Short sword       |    48 |    55 ||   103
 Cast: Beastly Appendage |    19 |     2 ||    21
       Sticks to Snakes  |     5 |     6 ||    11
  Use: Scroll            |     1 |     2 ||     3
       Potion            |       |     2 ||     2
  Eat: Bread ration      |     1 |       ||     1
       Chunk             |       |     2 ||     2
       Beef jerky        |       |     1 ||     1
